 Dungeon Crawl Stone Soup version 0.22-a0-354-g30dfbe6 (webtiles) character file.

171 Kairos the Shield-Bearer (level 5, -5/28 HPs)
             Began as a Vine Stalker Fighter on Apr 16, 2018.
             Slain by an ogre
             ... wielding a +0 giant club
              (13 damage)
             ... on level 4 of the Dungeon.
             The game lasted 00:03:43 (2339 turns).

Kairos the Shield-Bearer (Vine Stalker Fighter)     Turns: 2339, Time: 00:03:43

Health: -5/28      AC:  6    Str: 19    XL:     5   Next: 51%
Magic:  0/6        EV:  7    Int:  8    God:
Gold:   189        SH:  9    Dex: 14    Spells: 4/4 levels left

rFire    . . .     SeeInvis .   a - +0 flail
rCold    . . .     Gourm    .   c - +0 shield
rNeg     . . .     Faith    .   b - +0 scale mail
rPois    +         Spirit   +   (no helmet)
rElec    .         Reflect  .   (no cloak)
rCorr    .         Harm     .   (no gloves)
MR       .....                  (no boots)
Stlth    ..........             s - amulet of the acrobat
HPRegen  0.49/turn              h - ring of poison resistance
MPRegen  0.10/turn              (no ring)

@: no status effects
A: fangs 2, regeneration 1, magic shield, antimagic bite, no potion heal 3, rot
immunity
a: no special abilities


You were on level 4 of the Dungeon.
You were hungry.

You visited 1 branch of the dungeon, and saw 4 of its levels.

You collected 189 gold pieces.

Inventory:

Hand Weapons
 a - a +0 flail (weapon)
Missiles
 n - 3 tomahawks (quivered)
Armour
 b - a +0 scale mail (worn)
 c - a +0 shield (worn)
Magical Staves
 v - an uncursed staff of fire
Jewellery
 h - a ring of poison resistance (left hand)
 s - an amulet of the acrobat (around neck)
Wands
 y - a wand of flame (24)
Scrolls
 e - 5 scrolls of identify {unknown}
 i - a scroll of immolation {unknown}
 j - a scroll of noise {unknown}
 l - a scroll of magic mapping {unknown}
 m - 2 scrolls of enchant armour {unknown}
 o - 2 scrolls of teleportation {unknown}
 q - 2 scrolls of fog {unknown}
 t - 3 scrolls of blinking {unknown}
 u - a scroll of remove curse {unknown}
 w - a scroll of fear {unknown}
Potions
 d - a potion of might
 g - a potion of curing {unknown}
 k - a potion of heal wounds {unknown}
 p - a potion of lignification {unknown}
 r - a potion of mutation {unknown}
 x - a potion of agility {unknown}
Comestibles
 f - 3 rations


   Skills:
 + Level 3.2 Fighting
 + Level 3.0 Maces & Flails
 + Level 3.2 Armour
 + Level 0.3 Dodging
 + Level 3.7 Shields


You had 4 spell levels left.
You didn't know any spells.

Dungeon Overview and Level Annotations

Branches:
Dungeon (4/15)
 Temple: D:4-7

Altars:
Ashenzari
Fedhas
Gozag
Kikubaaqudgha
Ru
Trog
The Shining One

Annotations:
D:4 Dowan, Duvessa


Innate Abilities, Weirdness & Mutations

You have extremely sharp teeth.
Your natural rate of healing is unusually fast.
When hurt, damage is shared between your health and your magic reserves.
Your bite disrupts and absorbs the magic of your enemies.
Potions cannot restore your health.
You are immune to rotting.


Message History

You barely miss the ogre. Your bite misses the ogre.
The ogre is severely wounded.
The ogre hits you with a giant club!!
Ouch! That really hurt!
* * * LOW HITPOINT WARNING * * *
You hit the ogre. Your bite misses the ogre.
The ogre is almost dead.
The adder bites you.
* * * LOW HITPOINT WARNING * * *
The adder barely misses you. The ogre closely misses you.
You hit the ogre but do no damage.
The ogre is almost dead.
The adder bites you but does no damage. The ogre barely misses you.
You block the adder's attack.
You closely miss the ogre. You bite the ogre, but do no damage.
The ogre is almost dead.
The adder bites you.
* * * LOW HITPOINT WARNING * * *
The ogre hits you with a giant club!
You die...

#. ## ## #.#### ####
#< ..# ....# #...# #.
...##...##....o .e
....#...#.....[ .##
....'...o....?. #.
#...# # #.OS# #..@#
##### #...# #####
##...###...###...##
##.....##...##.....##
#.......#...#.....).#
#.......'...'†......#
#.......#...#.......#
##.....##...##.....##
##...###...###...###.


You could see an ogre, an adder and an orc.

Vanquished Creatures
  A hound (D:4)
  An iguana (D:4)
  4 adders
  An ooze (D:1)
  A worm (D:2)
  5 dart slugs
  10 orcs
  3 giant cockroaches
  8 goblins
  2 hobgoblins
  4 kobolds
  2 quokkas (D:3)
  5 bats
  A frilled lizard (D:3)
  5 rats
53 creatures vanquished.

Vanquished Creatures (others)
  4 toadstools (D:1)
4 creatures vanquished.

Grand Total: 57 creatures vanquished

Notes
Turn   | Place    | Note
-------+----------+-------------------------------------------
     0 | D:1      | Kairos the Vine Stalker Fighter began the quest for the Orb.
     0 | D:1      | Reached XP level 1. HP: 11/11 MP: 2/2
   129 | D:1      | Reached XP level 2. HP: 4/16 MP: 0/3
   773 | D:2      | Found a sacrificial altar of Ru.
   780 | D:2      | Reached XP level 3. HP: 16/20 MP: 4/4
  1279 | D:2      | Found a faded altar of an unknown god.
  1279 | D:2      | Found a glowing golden altar of the Shining One.
  1286 | D:2      | Found an opulent altar of Gozag.
  1288 | D:2      | Found a bloodstained altar of Trog.
  1290 | D:2      | Found a faded altar of an unknown god.
  1600 | D:3      | Gained mutation: Your natural rate of healing is unusually fast. [Vine Stalker growth]
  1600 | D:3      | Reached XP level 4. HP: 22/24 MP: 3/5
  1799 | D:3      | Found a shattered altar of Ashenzari.
  1908 | D:3      | Found an ancient bone altar of Kikubaaqudgha.
  1910 | D:3      | Found a blossoming altar of Fedhas.
  2123 | D:4      | Noticed Duvessa
  2123 | D:4      | Noticed Dowan
  2209 | D:4      | Reached XP level 5. HP: 11/28 MP: 3/6
  2329 | D:4      | Noticed an ogre
  2339 | D:4      | Slain by an ogre

Vault maps used:
D:1:      ldierk_walled_garden_2, st_stairs_13, minmay_misc_feat_columns
D:2:      chequers_temple_overflow_minitemple, nicolae_ru_awakened_eye
D:3:      grunt_temple_overflow_growth_and_decay, old_standard_altar,
          nrook_mini_backslash
D:4:      kennysheep_six_static_rooms, lemuel_round_altar, first_ration,
          uniq_duvessa, uniq_eustachio, uniq_crazy_yiuf_cottage

Skill      XL: |  1  2  3  4  5 |
---------------+----------------+-----
Fighting       | 3 |  3.2
Shields        | 3 |  3.7
Maces & Flails | 2 3 |  3.0
Armour         | 3 |  3.2
Dodging        | |  0.3

Action                   |  1- 3 |  4- 6 || total
-------------------------+-------+-------++-------
Melee: Flail             |    90 |    69 ||   159
       Bite              |    17 |    18 ||    35
Evoke: Wand              |       |     3 ||     3
  Eat: Chunk             |     2 |     2 ||     4
Armor: Scale mail        |    38 |    15 ||    53
Dodge: Dodged            |    22 |    27 ||    49
Block: Shield            |    39 |    34 ||    73

Table legend:
 A = Spawn XP
 B = Non-spawn XP
 C = Spawn XP percentage of total XP
 D = Spawn monster count
 E = Non-spawn monster count
 F = Spawn count percentage of total count
 G = Total turns spent on level
                    A         B        C        D         E        F      G
               +---------+---------+-------+---------+---------+-------+---------
         Total |       0 |     245 |   0.0 |       0 |      53 |   0.0 |  2339
               +---------+---------+-------+---------+---------+-------+---------
           D:1 |       0 |      23 |   0.0 |       0 |      10 |   0.0 |   726
           D:2 |       0 |      37 |   0.0 |       0 |      11 |   0.0 |   721
           D:3 |       0 |      68 |   0.0 |       0 |      25 |   0.0 |   705
           D:4 |       0 |     117 |   0.0 |       0 |       7 |   0.0 |   187
               +---------+---------+-------+---------+---------+-------+---------
